 Dungeon Sprint DCSS version 0.31-a0-18-gea43df2a32 (webtiles) character file.

Game seed: 8540150934753929039

2698 sircluck the Grappler (level 9, -4/101 HPs)
             Began as a Troll Berserker on May 11, 2023.
             Was a High Priest of Trog.
             Slain by a manticore (18 damage)
             ... in the Dungeon (Sprint IX: "|||||||||||||||||||||||||||||").
             The game lasted 00:01:51 (190 turns).

sircluck the Grappler (Troll Berserker)              Turns: 190, Time: 00:01:52

Health: -4/101     AC:  5    Str: 34    XL:     9   Next: 38%
Magic:  8/8        EV: 14    Int:  3    God:    Trog [*****.]
Gold:   0          SH:  0    Dex:  9    Spells: 8/8 levels left

rFire   . .          .
                       - Unarmed
rCold   . . .        (no shield)
rNeg    . . .        a - +0 animal skin
rPois   .            (helmet restricted)
rElec   .            j - +0 cloak
rCorr   .            (gloves unavailable)
SInv    .            (boots unavailable)
Will    .....        (no amulet)
Stlth   +            k - +3 ring of strength
HPRegen 1.16/turn    l - +2 ring of evasion
MPRegen 0.11/turn

%: no teleportation
@: spiked
A: large, unfitting armour, claws 3, regeneration 1, shaggy fur 1, tough skin 1
a: Renounce Religion, Berserk, Trog's Hand, Brothers in Arms


You were in the Dungeon.
You worshipped Trog.
Trog was extremely pleased with you.
You visited 1 branch

Inventory:

Armour
 a - a +0 animal skin (worn)
 j - a +0 cloak (worn)
Jewellery
 k - a +3 ring of strength (left claw)
 l - a +2 ring of evasion (right claw)
Wands
 i - a wand of roots (10)
Scrolls
 g - 2 scrolls of blinking
Potions
 b - 5 potions of curing
 c - 3 potions of heal wounds
 d - a potion of haste
 e - 4 potions of magic
 f - a potion of berserk rage
 h - a potion of invisibility


   Skills:
 + Level 10.0 Fighting
 + Level 10.0 Dodging
 + Level 14.9 Unarmed Combat


You had 8 spell levels left.
You didn't know any spells.
Your spell library was empty.

Dungeon Overview and Level Annotations

Branches:
Dungeon (1/1)

Altars:
Cheibriados
Dithmenos
Elyvilon
Fedhas
Gozag
Hepliaklqana
Kikubaaqudgha
Makhleb
Nemelex Xobeh
Okawaru
Qazlal
Ru
Sif Muna
Trog
Uskayaw
Vehumet
Wu Jian
Xom
Yredelemnul
Zin
The Shining One
Jiyva
Lugonu


Innate Abilities, Weirdness & Mutations

You are too large for most types of armour.
You have claws for hands.
Your natural rate of healing is unusually fast.
You are covered in fur. (AC +1)
You have tough skin. (AC +1)


Message History

You scratch the centaur warrior.
The centaur warrior is lightly wounded.
The centaur warrior misses you. x2; The centaur warrior hits you.
The centaur warrior misses you.
You eviscerate the centaur warrior!!!
The centaur warrior is severely wounded.
The centaur warrior hits you. The centaur warrior kicks you.
You mangle the centaur warrior!!
You kill the centaur warrior!
Trog accepts your kill.
The manticore flicks its tail.
The volley of spikes hits you!
The barbed spikes become lodged in your body.
Your Fighting skill increases to level 10!
Your Dodging skill increases to level 10!
The barbs in your skin will harm you if you move.
Continue?
The barbed spikes dig painfully into your body as you move.
The manticore closely misses you.
The manticore claws you but does no damage.
The manticore claws you!
* * * LOW HITPOINT WARNING * * *
Things that are here:
a +0 shortbow; a centaur corpse You scratch the manticore but do no damage.
You claw the manticore!
The manticore is moderately wounded.
The manticore barely misses you. The manticore claws you!
* * * LOW HITPOINT WARNING * * *
The manticore claws you.
* * * LOW HITPOINT WARNING * * *
You claw the manticore!
The manticore is heavily wounded.
The manticore bites you but does no damage.
The manticore claws you but does no damage.
The manticore claws you.
* * * LOW HITPOINT WARNING * * *
You claw the manticore! Your claw misses the manticore.
The manticore is severely wounded.
The manticore bites you!!
You die... ▓▓▓▓▓▓▓▓▓▓▓▓▓▓▓▓▓▓▓▓▓▓▓ ?).[.[..)).....'@HQ*cO+ ▓▓▓▓▓▓▓▓▓▓▓▓▓▓▓▓▓▓▓▓▓▓▓

You could see a centaur warrior, a two-headed ogre, a manticore, a tengu conjurer and a battlesphere (distracted).

Vanquished Creatures
  A centaur warrior (D)
  2 two-headed ogres (D)
  A hornet (D)
  A slime creature (D)
  A shadow (D)
  A wyvern (D)
  A black bear (D)
  A centaur (D)
  2 scorpions (D)
  A sleepcap (D)
  An orc (D)
  A giant cockroach (D)
  A hobgoblin (D)
  A goblin (D)
  2 kobolds (D)
18 creatures vanquished.

Notes
Turn   | Place    | Note
-------+----------+-------------------------------------------
     0 | D        | sircluck the Troll Berserker began the quest for the Orb.
     0 | D        | Reached XP level 1. HP: 22/22 MP: 0/0
     7 | D        | Reached ** piety under Trog
    20 | D        | Noticed a sleepcap
    20 | D        | Noticed a black bear
    20 | D        | Noticed a scorpion
    20 | D        | Noticed a scorpion
    25 | D        | Killed a sleepcap
    26 | D        | Reached skill level 4 in Unarmed Combat
    26 | D        | Reached XP level 2. HP: 32/32 MP: 1/1
    26 | D        | Reached XP level 3. HP: 39/39 MP: 2/2
    33 | D        | Killed a black bear
    33 | D        | Reached *** piety under Trog
    34 | D        | Reached skill level 5 in Fighting
    34 | D        | Reached skill level 5 in Dodging
    34 | D        | Reached skill level 6 in Unarmed Combat
    34 | D        | Reached XP level 4. HP: 37/50 MP: 3/3
    38 | D        | Killed a scorpion
    39 | D        | Reached skill level 7 in Unarmed Combat
    39 | D        | Reached XP level 5. HP: 40/57 MP: 4/4
    41 | D        | Reached skill level 8 in Unarmed Combat
    64 | D        | Found a snail-covered altar of Cheibriados.
    64 | D        | Found a shadowy altar of Dithmenos.
    64 | D        | Found a white marble altar of Elyvilon.
    64 | D        | Found a blossoming altar of Fedhas.
    64 | D        | Found an opulent altar of Gozag.
    65 | D        | Found a hazy altar of Hepliaklqana.
    66 | D        | Found a viscous altar of Jiyva.
    67 | D        | Found an ancient bone altar of Kikubaaqudgha.
    68 | D        | Found a corrupted altar of Lugonu.
    69 | D        | Found a burning altar of Makhleb.
    70 | D        | Found a sparkling altar of Nemelex Xobeh.
    71 | D        | Found an iron altar of Okawaru.
    72 | D        | Found a stormy altar of Qazlal.
    73 | D        | Found a sacrificial altar of Ru.
    74 | D        | Found a shimmering blue altar of Sif Muna.
    75 | D        | Found a bloodstained altar of Trog.
    76 | D        | Found a hide-covered altar of Uskayaw.
    77 | D        | Found a radiant altar of Vehumet.
    78 | D        | Found an ornate altar of the Wu Jian Council.
    79 | D        | Found a shimmering altar of Xom.
    80 | D        | Found a basalt altar of Yredelemnul.
    81 | D        | Found a glowing silver altar of Zin.
    82 | D        | Found a glowing golden altar of the Shining One.
   114 | D        | Noticed a hornet
   114 | D        | Noticed a two-headed ogre
   114 | D        | Noticed a centaur
   114 | D        | Noticed a wyvern
   114 | D        | Noticed a two-headed ogre
   114 | D        | Noticed a shadow
   117 | D        | Killed a hornet
   117 | D        | Reached **** piety under Trog
   118 | D        | Reached skill level 9 in Unarmed Combat
   118 | D        | Reached XP level 6. HP: 71/71 MP: 5/5
   121 | D        | Killed a two-headed ogre
   122 | D        | Reached skill level 11 in Unarmed Combat
   122 | D        | Reached XP level 7. HP: 80/80 MP: 6/6
   122 | D        | Reached XP level 8. HP: 88/88 MP: 7/7
   125 | D        | Reached skill level 12 in Unarmed Combat
   131 | D        | Killed a two-headed ogre
   131 | D        | Reached ***** piety under Trog
   132 | D        | Reached skill level 13 in Unarmed Combat
   177 | D        | Noticed a slime creature
   177 | D        | Noticed a centaur warrior
   177 | D        | Noticed a manticore
   177 | D        | Noticed a tengu conjurer
   177 | D        | Noticed a centaur warrior
   177 | D        | Noticed a two-headed ogre
   180 | D        | Killed a slime creature
   181 | D        | Reached skill level 14 in Unarmed Combat
   181 | D        | Reached XP level 9. HP: 62/100 MP: 8/8
   185 | D        | Killed a centaur warrior
   186 | D        | Reached skill level 10 in Fighting
   186 | D        | Reached skill level 10 in Dodging
   190 | D        | Slain by a manticore

Illustrated notes

Levels and vault maps discovered:
D:        linesprint [early_d, line_temple, items_1, d_10, items_2, lair_1,
          lair_end, items_3, orc_1, orc_end, items_4, d_15, swamp_1, shoals_1,
          snake_1, spider_1, d_20, vaults_1, items_5, swamp_end, shoals_end,
          snake_end, spider_end, vaults_end, d_27, items_6, zot_1, zot_end,
          crypt_end, forest_end, elf_end, slime_end, tomb_end, abyss_end,
          pan_hell_end]

Skill      XL: |  1  2  3  4  5  6  7  8  9 |
---------------+----------------------------+-----
Fighting       | 3 5 7 8 9 10 | 10.0
Dodging        | 3 5 7 8 9 10 | 10.0
Unarmed Combat | 4 6 7 9 11 14 | 14.9

Action                     |  1- 3 |  4- 6 |  7- 9 || total
---------------------------+-------+-------+-------++-------
  Melee: Unarmed           |    23 |    16 |    22 ||    61
         Punch             |     1 |     1 |     2 ||     4
 Invoke: Berserk           |       |     1 |       ||     1
 Armour: Animal skin       |     6 |     1 |     5 ||    12
  Dodge: Dodged            |    10 |     7 |    13 ||    30

Table legend: (Time is in decaauts)
 A = Elapsed time spent in this place.
 B = Non-inter-level travel time spent in this place.
 C = Inter-level travel time spent in this place.
 D = Time resting spent in this place.
 E = Time spent auto-exploring this place.
 F = Levels seen in this place.
 G = Mean time per level.
                   A        B        C        D        E       F      G
               +--------+--------+--------+--------+--------+-----+--------+
         Total |    192 |    192 |      0 |     42 |     29 |   1 |  192.0 |
       Dungeon |    192 |    192 |      0 |     42 |     29 |   1 |  192.0 |
               +--------+--------+--------+--------+--------+-----+--------+

Top non-repeatable levels by time:
       D: 192 daAuts
